AoeStats
← Bingoking

Arabia

508725141Analyzed
1v1 RM · 8d ago on Sep 23, 2026· 66m 19s· 2 players
Game mode
Random Map
Map size
Tiny (2 player)
Population
200
Speed
Normal
Resources
Standard
Victory
Conquest
Starting age
Dark Age
Ending age
Imperial Age
RankedLock teamsTeams togetherTeam positionsShared explorationLock speedFull tech treeHidden civsTurbo modeCheats
Victory
Defeat
🇩🇪 Mongols · Germany
1165
+15
🇹🇼 Celts · Taiwan
1151
-15
kenner116
7:31 Loom
9:49 Feudal Age
10:00 Man-at-Arms
18:01 Horse Collar
18:06 Double-Bit Axe
19:54 Wheelbarrow
23:12 Castle Age
22:47 Forging
22:38 Scale Mail Armor
23:28 Long Swordsman
28:37 Iron Casting
29:29 Pikeman
30:44 Heavy Plow
33:46 Chain Mail Armor
34:54 Bow Saw
37:06 Hand Cart
36:58 Gambesons
39:40 Sanctity
44:31 Imperial Age
41:51 Town Watch
42:36 Fletching
44:18 Town Patrol
44:22 Bodkin Arrow
45:32 Halberdier
47:59 Onager
49:20 Gold Mining
53:01 Plate Mail Armor
57:30 Blast Furnace
58:58 Two-Handed Swordsman
60:47 Elite Skirmisher
61:29 Padded Archer Armor
62:17 Ballistics
62:57 Chemistry
64:25 Leather Archer Armor
Bingoking
9:27 Feudal Age
9:35 Man-at-Arms
11:11 Loom
14:33 Double-Bit Axe
19:18 Horse Collar
21:53 Bloodlines
27:23 Castle Age
27:39 Light Cavalry
28:20 Husbandry
29:02 Forging
31:24 Wheelbarrow
31:55 Iron Casting
32:18 Fletching
34:33 Bow Saw
35:01 Bodkin Arrow
37:28 Gold Mining
37:56 Padded Archer Armor
38:57 Thumb Ring
40:33 Leather Archer Armor
41:40 Hand Cart
47:12 Imperial Age
48:02 Bracer
47:31 Hussar
47:32 Heavy Cavalry Archer
49:20 Iron Casting
49:37 Ballistics
50:18 Chemistry
51:34 Blast Furnace
50:40 Scale Barding Armor
50:46 Heavy Plow
52:55 Parthian Tactics
55:38 Chain Barding Armor
62:06 Drill
61:08 Onager
63:29 Siege Onager
64:41 Conscription
Connection lost

Rejoining the realm…

Still unreachable

The connection could not be restored.

Session expired

The server has moved on; the page needs a fresh start.